 Dungeon Crawl Stone Soup version 0.29.0-13-gc9e81de378 (webtiles) character file.

Game seed: 7938273611906742877

356 bande the Chopper (level 6, -5/55 HPs)
             Began as a Hill Orc Fighter on Sept 9, 2022.
             Slain by an ogre
             ... wielding a +0 giant club
              (15 damage)
             ... on level 4 of the Dungeon.
             The game lasted 00:04:38 (3266 turns).

bande the Chopper (Hill Orc Fighter)                Turns: 3266, Time: 00:04:39

Health: -5/55      AC:  9    Str: 19    XL:     6   Next: 63%
Magic:  6/6        EV:  7    Int:  8    God:
Gold:   114        SH:  5    Dex: 12    Spells: 5/5 levels left

rFire   . . .      SeeInvis .   a - +0 war axe
rCold   . . .      Faith    .   c - +0 buckler
rNeg    . . .      Spirit   .   h - +0 chain mail
rPois   .          Reflect  .   (no helmet)
rElec   .          Harm     .   (no cloak)
rCorr   .          Rampage  .   (no gloves)
Will    .....                   (no boots)
Stlth   ..........              (no amulet)
HPRegen 0.18/turn               (no ring)
MPRegen 0.10/turn               (no ring)

@: no status effects
A: no striking features
a: no special abilities


You were on level 4 of the Dungeon.
You visited 1 branch of the dungeon, and saw 4 of its levels.

You collected 114 gold pieces.

Inventory:

Hand Weapons
 a - a +0 war axe (weapon)
 m - a +0 morningstar
Armour
 c - a +0 buckler (worn)
 h - a +0 chain mail (worn)
Scrolls
 e - a scroll of fear {unknown}
 f - a scroll of summoning {unknown}
 g - 8 scrolls of identify {unknown}
 i - 3 scrolls of immolation {unknown}
 j - a scroll of vulnerability {unknown}
 n - a scroll of fog {unknown}
 o - 3 scrolls of enchant armour {unknown}
Potions
 b - 2 potions of curing {unknown}
 d - 2 potions of might
 k - 2 potions of flight {unknown}
 l - a potion of cancellation {unknown}
 p - a potion of magic {unknown}
 q - a potion of attraction {unknown}
 r - a potion of heal wounds {unknown}


   Skills:
 + Level 4.8 Fighting
 + Level 6.6 Axes
 + Level 4.6 Armour
 - Level 0.1 Dodging
 + Level 4.1 Shields


You had 5 spell levels left.
You didn't know any spells.
Your spell library contained the following spells:

 Spells                   Type           Power      Damage    Failure   Level
 Magic Dart               Conj           0%         1d3       99%         1
 Sandblast                Erth           0%         2d4       99%         1
 Sting                    Tmut/Pois      0%         1d3       99%         1
 Summon Small Mammal      Summ           0%         N/A       99%         1
 Call Imp                 Summ           0%         N/A       100%        2
 Passwall                 Tmut/Erth      0%         N/A       100%        2
 Poisonous Vapours        Pois/Air       0%         N/A       100%        2
 Call Canine Familiar     Summ           0%         N/A       100%        3
 Mephitic Cloud           Conj/Pois/Air  0%         N/A       100%        3
 Stone Arrow              Conj/Erth      0%         3d7       100%        3
 Summon Guardian Golem    Hex/Summ       0%         N/A       100%        3
 Olgreb's Toxic Radiance  Pois           0%         N/A       100%        4


Dungeon Overview and Level Annotations

Branches:
Dungeon (4/15)
 Temple: D:4-7

Altars:
Ashenzari
Uskayaw


Message History

You block the hobgoblin's attack. The hound bites you but does no damage.
The hobgoblin hits you but does no damage.
You slash the hound!
The hound is almost dead.
You slash the hobgoblin!
You kill the hobgoblin!
The hound bites you. The hound bites you but does no damage.
You barely miss the hound.
The hound is almost dead.
The hound bites you but does no damage. The hound bites you.
You closely miss the hound.
The hound is almost dead.
You hit the ogre. The hound bites you. The ogre hits you but does no damage.
The hound closely misses you.
You slash the hound!
You kill the hound!
You slash the ogre! The ogre hits you but does no damage.
You hit the ogre.
The ogre is moderately wounded.
You block the ogre's attack.
You slash the ogre!
The ogre is heavily wounded.
You barely miss the ogre.
The ogre is heavily wounded.
The ogre barely misses you.
You hit the ogre.
The ogre is severely wounded.
The ogre hits you with a +0 giant club!!
* * * LOW HITPOINT WARNING * * *
You are too injured to fight recklessly!
You are too injured to fight recklessly!
You are too injured to fight recklessly!
You are too injured to fight recklessly!
You are too injured to fight recklessly!
You are too injured to fight recklessly!
You are too injured to fight recklessly!
You barely miss the ogre.
The ogre is severely wounded.
The ogre hits you with a +0 giant club!
You die...

....... .....# ...#
........#.(..# .....
.........#...###.....
.......))......#.....
..........# (......
.....###.####......#
...........#.....#
....#....$O..†.###..
##<...@.........
#######...#....
##†..#... ...# .
..... ###..# #... .##
.


You could see an ogre.

Vanquished Creatures
  A phantom (D:2)
  A howler monkey (D:4)
  2 hounds (D:4)
  An iguana (D:3)
  9 adders
  A worm (D:2)
  2 dart slugs
  3 orcs (D:3)
  4 bats
  6 endoplasms
  6 giant cockroaches
  8 goblins
  7 hobgoblins
  4 quokkas
  2 ball pythons
  2 frilled lizards
  5 kobolds
  3 rats
67 creatures vanquished.

Vanquished Creatures (others)
  3 fungi (D:1)
3 creatures vanquished.

Grand Total: 70 creatures vanquished

Notes
Turn   | Place    | Note
-------+----------+-------------------------------------------
     0 | D:1      | bande the Hill Orc Fighter began the quest for the Orb.
     0 | D:1      | Reached XP level 1. HP: 19/19 MP: 1/1
   605 | D:1      | Reached XP level 2. HP: 27/27 MP: 2/2
   713 | D:1      | Found a faded altar of an unknown god.
   893 | D:1      | Reached skill level 3 in Axes
  1040 | D:2      | Reached XP level 3. HP: 23/33 MP: 3/3
  1128 | D:2      | Identified the +8 short sword of Past Mistakes {holy, rPois
                  | rCorr Dex-5 SInv}
  1158 | D:2      | Reached skill level 4 in Axes
  1265 | D:2      | Reached XP level 4. HP: 29/40 MP: 4/4
  1678 | D:2      | Noticed a phantom
  1692 | D:2      | Killed a phantom
  1693 | D:2      | Reached skill level 5 in Axes
  1693 | D:2      | Reached XP level 5. HP: 39/47 MP: 5/5
  2506 | D:3      | Found a broken altar of Ashenzari.
  2507 | D:3      | Found a hide-covered altar of Uskayaw.
  2596 | D:3      | Reached skill level 6 in Axes
  2596 | D:3      | Reached XP level 6. HP: 51/53 MP: 6/6
  3266 | D:4      | Slain by an ogre

Illustrated notes

Levels and vault maps discovered:
D:1:      amcnicky_arrival_single_pillar, layout_basic,
          shapermc_ecumenical_altar_ellora
D:2:      kb_forest_paths, layout_rooms, dk_noncrumbling_3,
          minmay_close_crescents
D:3:      minmay_general_purpose_star, layout_basic, minitemple, st_stairs_10,
          wad_floor_pattern_1, corexii_item_surrounded_by_moat
D:4:      layout_cave_pools, grunt_temple_overflow_open,
          minmay_temple_entry_waves

Skill      XL: |  1  2  3  4  5  6 |
---------------+-------------------+-----
Axes           | 3 4 5 6 |  6.6
Fighting       | 4 |  4.8
Armour         | 4 |  4.6
Shields        | 4 |  4.1
Dodging        | |  0.1

Action                   |  1- 3 |  4- 6 || total
-------------------------+-------+-------++-------
Melee: War axe           |    69 |   143 ||   212
Armor: Scale mail        |    25 |       ||    25
       Chain mail        |     8 |    77 ||    85
Dodge: Dodged            |    28 |    46 ||    74
Block: Buckler           |    23 |    33 ||    56
